 Dungeon Crawl Stone Soup version 0.31-a0-167-g1c394c0614 (webtiles) character file.

Game seed: 15901807630696635875

156 qw the Shooter (level 5, -1/32 HPs)
             Began as a Gargoyle Hunter on June 14, 2023.
             Slain by a worm (6 damage)
             ... on level 3 of the Dungeon.
             The game lasted 00:00:57 (1814 turns).

qw the Shooter (Gargoyle Hunter)                    Turns: 1814, Time: 00:00:58

Health: -1/32      AC: 10    Str: 14    XL:     5   Next: 37%
Magic:  5/5        EV: 10    Int: 10    God:
Gold:   81         SH:  0    Dex: 15    Spells: 4/4 levels left

rFire   . . .        Y - +0 shortbow
rCold   . . .        (shield currently unavailable)
rNeg    + . .        e - +0 ring mail
rPois   inf          (no helmet)
rElec   +            (no cloak)
rCorr   .            g - +0 pair of gloves
SInv    .            (no boots)
Will    .....        (no amulet)
Stlth   +            (no ring)
HPRegen 0.25/turn    (no ring)
MPRegen 0.09/turn

%: no passive effects
@: no status effects
A: sickness immunity, AC +4, negative energy resistance 1, electricity
resistance, torment resistance 1, petrification resistance
a: no special abilities


You were on level 3 of the Dungeon.
You visited 1 branch of the dungeon, and saw 3 of its levels.

You collected 81 gold pieces.


Innate Abilities, Weirdness & Mutations

You are immune to sickness and miasma.
Your stone body is resilient. (AC +4)
You are immune to poison.
You resist negative energy. (rN+)
You are resistant to electric shocks. (rElec)
You are resistant to unholy torment.
You are immune to petrification.


   Skills:
 + Level 3.0 Fighting
 - Level 6.0 Ranged Weapons
 - Level 1.0 Armour
 - Level 1.5 Dodging
 - Level 1.1 Stealth


You had 4 spell levels left.
You didn't know any spells.
Your spell library was empty.

Inventory:

Hand Weapons
 Y - a +0 shortbow (weapon)
Armour
 e - a +0 ring mail (worn)
 g - a +0 pair of gloves (worn)
Jewellery
 i - a ring of ice
Scrolls
 a - a scroll of fog {unknown}
 f - a scroll of identify
 h - a scroll of vulnerability {unknown}
Potions
 b - a potion of heal wounds
 c - 2 potions of might {unknown}
 d - a potion of cancellation

Dungeon Overview and Level Annotations

Branches:
Dungeon (3/15)

Altars:

Annotations:
D:3 Grinder


Message History

The hound bites you. Grinder hits you.
You writhe in agony.
The hound closely misses you.
Grinder blinks!
You shoot an arrow. The arrow closely misses the hound.
An adder comes into view.
The hound bites you but does no damage. x2
You shoot an arrow. The adder hisses angrily.
The arrow hits the hound.
The hound is heavily wounded.
The hound stops to sniff the ground.
The hound barely misses you.
You shoot an arrow. The arrow closely misses the hound.
The hound barely misses you. The hound closely misses you.
You shoot an arrow. The arrow hits the hound!
You kill the hound!
Grinder gestures at you.
You barely resist.
Your Ranged Weapons skill increases to level 6!
You shoot an arrow. The arrow misses the adder.
The adder completely misses you.
You shoot an arrow. The arrow hits the adder.
The adder is moderately wounded.
The adder bites you but does no damage. x2
You shoot an arrow. The arrow closely misses the adder.
The adder closely misses you.
You shoot an arrow. The arrow closely misses the adder.
The adder bites you. Grinder closely misses you. The adder closely misses you.
You shoot an arrow. The arrow closely misses the adder.
The adder bites you but does no damage. Grinder gestures at you.
You resist with significant effort. Grinder hits you but does no damage.
You shoot an arrow. The arrow hits Grinder!
Grinder is moderately wounded.
Grinder closely misses you.
You shoot an arrow. The arrow closely misses Grinder.
Grinder says, "Don't move a muscle."
Grinder closely misses you.
You shoot an arrow. The arrow closely misses Grinder.
Grinder hits you.
You writhe in agony.
The worm bites you.
You die...

#..# #..####
#.....########
##..(.........##
...............#
##......#####..# #
##..#..## #:.######...
##..#..#
####...........
##..#..#.......5@.###.#
##..#..#.####..##w#
##..#... #..# S#
.[....... ..... .#
......... ...... [. ...
..#.###.##.. .. ##.# ..
#.##..# ..#


You could see Grinder, a worm and an adder.

Vanquished Creatures
  A hound (D:3)
  2 orc wizards (D:3)
  2 worms
  A dart slug (D:2)
  7 orcs (D:3)
  5 bats
  7 endoplasms
  3 giant cockroaches
  4 goblins
  7 jackals (D:1)
  4 kobolds
  A quokka (D:2)
  3 ball pythons
  4 frilled lizards
  9 rats (D:2)
60 creatures vanquished.

Notes
Turn   | Place    | Note
-------+----------+-------------------------------------------
     0 | D:1      | qw the Gargoyle Hunter began the quest for the Orb.
     0 | D:1      | Reached XP level 1. HP: 12/12 MP: 1/1
     0 | D:1      | 0 ||| qw: Version: 0.2-a-29-g1fa15c8
     0 | D:1      | 0 ||| qw: Game counter: 4992
     0 | D:1      | 0 ||| qw: Always use a shield: true
     0 | D:1      | 0 ||| qw: God list: Okawaru
     0 | D:1      | 0 ||| qw: Allow faded altars: false
     0 | D:1      | 0 ||| qw: Do Orc after D:15 true
     0 | D:1      | 0 ||| qw: Do second Lair branch before Depths: true
     0 | D:1      | 0 ||| qw: Lair rune preference: random
     0 | D:1      | 0 ||| qw: Plans: Normal, Zot:1-4, Slime:5, God:TSO, Crypt,
                  | Tomb, Abyss, Pan, Hells, Win
     0 | D:1      | 0 ||| PLANNING D:1-11
    73 | D:1      | Reached XP level 2. HP: 17/17 MP: 2/2
   106 | D:1      | 106 ||| FLEEEEING.
   389 | D:1      | Reached XP level 3. HP: 21/21 MP: 3/3
   654 | D:1      | Reached skill level 5 in Ranged Weapons
   663 | D:1      | 663 ||| UPGRADING to +0 ring mail.
   673 | D:1      | 673 ||| DROPPING +0 leather armour.
   674 | D:1      | 674 ||| READING scroll labelled FOARRU XENKA.
   675 | D:1      | 675 ||| READING scroll labelled NARUEW TAUFRENY.
   676 | D:1      | 676 ||| DROPPING scroll of butterflies.
   705 | D:2      | HP: 3/21 [dart slug/slug dart (4)]
   832 | D:2      | Identified the +0 buckler "Noastifau" {rPois}
  1031 | D:2      | Reached skill level 1 in Armour
  1376 | D:2      | Found a faded altar of an unknown god.
  1422 | D:2      | 1422 ||| UPGRADING to +0 pair of gloves.
  1427 | D:2      | 1427 ||| READING scroll labelled EMIT WAOHAEMEOG.
  1428 | D:2      | 1428 ||| READING 2 scrolls labelled KUOLIM AGUDGH.
  1429 | D:2      | 1429 ||| READING scroll labelled ZABBUCINGEE.
  1443 | D:2      | 1443 ||| DRINKING 2 viscous orange potions.
  1444 | D:2      | 1444 ||| DRINKING 2 sedimented golden potions.
  1560 | D:3      | Reached skill level 3 in Fighting
  1560 | D:3      | Reached XP level 4. HP: 27/28 MP: 4/4
  1581 | D:3      | 1581 ||| FLEEEEING.
  1583 | D:3      | 1583 ||| FLEEEEING.
  1584 | D:3      | 1584 ||| FLEEEEING.
  1585 | D:3      | 1585 ||| FLEEEEING.
  1590 | D:3      | 1590 ||| FLEEEEING.
  1591 | D:3      | 1591 ||| FLEEEEING.
  1592 | D:3      | 1592 ||| FLEEEEING.
  1595 | D:3      | 1595 ||| FLEEEEING.
  1596 | D:3      | 1596 ||| FLEEEEING.
  1597 | D:3      | 1597 ||| FLEEEEING.
  1598 | D:3      | 1598 ||| FLEEEEING.
  1599 | D:3      | 1599 ||| FLEEEEING.
  1600 | D:3      | 1600 ||| FLEEEEING.
  1601 | D:3      | 1601 ||| FLEEEEING.
  1602 | D:3      | 1602 ||| FLEEEEING.
  1607 | D:3      | 1607 ||| FLEEEEING.
  1608 | D:3      | 1608 ||| FLEEEEING.
  1609 | D:3      | 1609 ||| FLEEEEING.
  1610 | D:3      | 1610 ||| FLEEEEING.
  1613 | D:3      | 1613 ||| FLEEEEING.
  1614 | D:3      | 1614 ||| FLEEEEING.
  1615 | D:3      | 1615 ||| FLEEEEING.
  1707 | D:3      | 1707 ||| Stepping ~*~*~tactically~*~*~ (outnumbered).
  1727 | D:3      | Reached XP level 5. HP: 24/32 MP: 5/5
  1794 | D:3      | Noticed Grinder
  1807 | D:3      | Reached skill level 6 in Ranged Weapons
  1814 | D:3      | HP: 8/32 [Grinder (6)]
  1814 | D:3      | Slain by a worm

Levels and vault maps discovered:
D:1:      ncdulo_smallfort, layout_loops_ring, serial_park_tiny_2,
          minmay_pentomino_u2
D:2:      layout_loops_ring, dreamdust_ecumenical_altar_hidden_monk_grotto,
          minmay_rat_gold_closets
D:3:      layout_loops_ring, lemuel_doored_altar, uniq_grinder

Skill      XL: |  1  2  3  4  5 |
---------------+----------------+-----
Ranged Weapons | 5 6 |  6.0
Armour         | 1 |  1.0
Fighting       | 3 |  3.0
Dodging        | |  1.5
Stealth        | |  1.1

Action                     |  1- 3 |  4- 6 || total
---------------------------+-------+-------++-------
   Fire: Shortbow          |   133 |    93 ||   226
    Use: Scroll            |     5 |       ||     5
         Potion            |     2 |       ||     2
 Armour: Leather armour    |     8 |       ||     8
         Ring mail         |    20 |    40 ||    60
  Dodge: Dodged            |    45 |    40 ||    85

Table legend:
 A = Non-vault XP
 B = Vault XP
 C = Vault XP percentage of total XP
 D = Non-vault monster count
 E = Vault monster count
 F = Vault count percentage of total count
                 A         B        C        D         E       F
            +---------+---------+-------+---------+---------+-------
      Total |     215 |       8 |   3.6 |      52 |       8 |  13.3
            +---------+---------+-------+---------+---------+-------
        D:1 |      39 |       0 |   0.0 |      21 |       0 |   0.0
        D:2 |      25 |       8 |  24.2 |      12 |       8 |  40.0
        D:3 |     151 |       0 |   0.0 |      19 |       0 |   0.0
            +---------+---------+-------+---------+---------+-------
